 Dungeon Crawl Stone Soup version 0.30.0-15-g856e2d3f33 (webtiles) character file.

Game seed: 1472504910262261455

27 Persephone the Shield-Bearer (level 3, -2/29 HPs)
             Began as a Formicid Fighter on May 19, 2023.
             Splashed by a jelly's acid (9 damage)
             ... on level 2 of the Dungeon.
             The game lasted 00:01:16 (712 turns).

Persephone the Shield-Bearer (Formicid Fighter)      Turns: 712, Time: 00:01:18

Health: -2/29      AC:  4    Str: 22    XL:     3   Next: 25%
Magic:  3/3        EV:  9    Int:  7    God:
Gold:   18         SH:  5    Dex: 13    Spells: 2/2 levels left

rFire   . . .        a - +0 trident
rCold   . . .        c - +0 buckler
rNeg    . . .        b - +0 scale mail
rPois   .            (helmet unavailable)
rElec   .            (no cloak)
rCorr   .            (no gloves)
SInv    +            n - +0 pair of boots
Will    .....        (no amulet) Stlth
                     (no ring)
HPRegen 0.24/turn    (no ring)
MPRegen 0.08/turn

%: no passive effects
@: corroded
A: permanent stasis, dig shafts and tunnels, antennae 3, four strong arms
a: Dig, Shaft Self


You were on level 2 of the Dungeon.
You visited 1 branch of the dungeon, and saw 2 of its levels.

You collected 18 gold pieces.

Inventory:

Hand Weapons
 a - a +0 trident (weapon)
Armour
 b - a +0 scale mail (worn)
 c - a +0 buckler (worn)
 n - a +0 pair of boots (worn)
Scrolls
 e - a scroll of teleportation {unknown}
 f - a scroll of noise {unknown}
 g - 6 scrolls of identify {unknown}
 h - a scroll of fear {unknown}
 j - 2 scrolls of enchant weapon {unknown}
 o - a scroll of torment {unknown}
Potions
 d - a potion of lignification {unknown}
 i - a potion of flight {unknown}
 k - a potion of heal wounds {unknown}
 l - a potion of curing {unknown}
 m - a potion of cancellation {unknown}


   Skills:
 - Level 3.3 Fighting
 + Level 3.4 Polearms
 - Level 3.3 Armour
 - Level 4.0 Shields


You had 2 spell levels left.
You didn't know any spells.
Your spell library was empty.

Dungeon Overview and Level Annotations

Branches:
Dungeon (2/15)

Altars:

Shops:
D:2 ?


Innate Abilities, Weirdness & Mutations

You cannot be hasted, slowed, berserked, paralysed or teleported.
You can dig through walls and to a lower floor.
You have a pair of large antennae on your head. (SInv)
Your four strong arms can wield two-handed weapons with a shield.


Message History

The jelly quivers.
You reach to attack!
You hit the jelly.
The jelly is moderately wounded.
You hit the jelly but do no damage.
Your hands burn!
The jelly is moderately wounded.
The jelly hits you but does no damage.
You hit the jelly.
Your hands burn!
The jelly is heavily wounded.
The jelly hits you.
You are splashed with acid.
You are too injured to fight recklessly!
You are too injured to fight recklessly!
You are too injured to fight recklessly!
You are too injured to fight recklessly!
You are too injured to fight recklessly!
You are too injured to fight recklessly!
You are too injured to fight recklessly!
You are too injured to fight recklessly!
You are too injured to fight recklessly!
You are too injured to fight recklessly!
You are too injured to fight recklessly!
You are too injured to fight recklessly!
You are too injured to fight recklessly!
You are too injured to fight recklessly!
You are too injured to fight recklessly!
You are too injured to fight recklessly!
You are too injured to fight recklessly!
You are too injured to fight recklessly!
You hit the jelly.
Your hands burn!
The jelly is heavily wounded.
The jelly barely misses you. You block the jelly's attack.
You barely miss the jelly.
The jelly is heavily wounded.
The jelly hits you but does no damage.
You hit the jelly but do no damage. The acid corrodes you!
Your hands burn!
* * * LOW HITPOINT WARNING * * *
The jelly is heavily wounded.
The jelly hits you.
* * * LOW HITPOINT WARNING * * *
You are splashed with acid!
You die...

...#.#.#..........#........
#....#.#..........#.######.
#..###....##........#
...#>.....###########
.......# #######
...#.#############...÷.÷#
#..#.####......##'...P.P#
......##.......#J#...÷..#
.##+#.'........#@#..JPPP#
.+...)'........#.#.....÷#
.#...))......#'#)#{JPPJP#
.#.†.)##.....#.#.#..J...#
#...####....#.#.#.PPJPP#
#...# #######.##.J...(#
....## ### ..≈≈≈ ..≈∩.


You could see a jelly.

Vanquished Creatures
  7 endoplasms (D:2)
  A giant cockroach (D:1)
  A ball python (D:1)
  2 frilled lizards (D:1)
  9 kobolds
  7 rats
27 creatures vanquished.

Notes
Turn   | Place    | Note
-------+----------+-------------------------------------------
     0 | D:1      | Persephone the Formicid Fighter began the quest for the
                  | Orb.
     0 | D:1      | Reached XP level 1. HP: 18/18 MP: 1/1
   259 | D:1      | Reached XP level 2. HP: 24/24 MP: 2/2
   516 | D:2      | Found a faded altar of an unknown god.
   530 | D:2      | Found Pazudar's Magic Scroll Emporium.
   686 | D:2      | Reached XP level 3. HP: 29/29 MP: 3/3
   712 | D:2      | Splashed by a jelly's acid

Illustrated notes

Levels and vault maps discovered:
D:1:      dpeg_arrival_ratfight, layout_rooms, minmay_misc_feat_rugged
D:2:      cheibrodos_fertilizer, layout_basic, serial_shops, shop,
          nicolae_lakefront_shop, nicolae_shop_back_alley_shop,
          nicolae_shop_tiny_waterfront, nicolae_shop_hallway_plus,
          nicolae_ecumenical_oubliette

Skill      XL: |  1  2 |
---------------+-------+-----
Polearms       | 3 |  3.4
Fighting       | |  3.3
Armour         | |  3.3
Shields        | |  4.0

Action                     || total
---------------------------++-------
  Melee: Trident           ||    81
    Use: Potion            ||     2
 Armour: Scale mail        ||    40
  Dodge: Dodged            ||    38
  Block: Buckler           ||    22
